 Dungeon Crawl Stone Soup version 0.17.0-24-gcfadda4 (webtiles) character file.

157391 abixa the Fencer (level 17, -1/158 HPs)
             Began as a Minotaur Gladiator on Nov 16, 2015.
             Was the Champion of Makhleb.
             Slain by an emperor scorpion (6 damage)
             ... on level 3 of the Spider Nest on Nov 17, 2015.
             The game lasted 02:04:36 (33848 turns).

abixa the Fencer (Minotaur Gladiator)              Turns: 33848, Time: 02:04:37

Health: -1/158     AC: 29    Str: 20 (21) XL:     17   Next: 12%
Magic:  16/26      EV: 16    Int:  4 (5)  God:    Makhleb [******]
Gold:   3304       SH:  0    Dex: 14      Spells: 0 memorised, 16 levels left

rFire  . . .     SeeInvis +     a - +10 triple sword of the Realm of Zot {slice, Stlth+}
rCold  . . .     Clarity  +     p - +3 plate armour {MR+}
rNeg   . . .     SustAt   .     (shield currently unavailable)
rPois  +         Gourm    .     c - +0 hat
rElec  +         Spirit   .     D - +2 cloak {rPois}
rCorr  +         Warding  .     M - +2 pair of gloves
rMut   .         Stasis   .     k - +1 pair of boots "Japiwy" {rElec rCorr Dex-3 Stlth+}
MR     ++...                    j - amulet of clarity
Stlth  ..........               R - ring of the Albatross {SInv Stlth+}
                                h - +3 ring of evasion

@: very resistant to hostile enchantments, extremely unstealthy
A: retaliatory headbutt, horns 2
a: Minor Destruction, Lesser Servant of Makhleb, Major Destruction, Greater
Servant of Makhleb, Renounce Religion


You were on level 3 of the Spider Nest.
You worshipped Makhleb.
Makhleb was exalted by your worship.
You were near starving.

You visited 5 branches of the dungeon, and saw 32 of its levels.
You also visited: Trove and Ice Cave.

You collected 4345 gold pieces.
You spent 1041 gold pieces at shops.

Inventory:

Hand Weapons
 a - the +10 triple sword of the Realm of Zot (weapon) {slice, Stlth+}
   (You found it in a treasure trove)

   It inflicts extra damage upon your enemies.
   It makes you more stealthy.
Missiles
 d - 9 throwing nets (quivered)
 q - 13 poisoned needles
Armour
 c - a +0 hat (worn)
 e - a +2 pair of boots of flying
 k - the +1 pair of boots "Japiwy" (worn) {rElec rCorr Dex-3 Stlth+}
   (You found it in a treasure trove)

   It affects your dexterity (-3).
   It insulates you from electricity.
   It protects you from acid and corrosion.
   It makes you more stealthy.
 n - a +1 pair of gloves of archery
 p - a +3 plate armour of magic resistance (worn)
 D - a +2 cloak of poison resistance (worn)
 M - a +2 pair of gloves (worn)
Jewellery
 b - an uncursed amulet of regeneration
 g - a cursed amulet of inaccuracy {unknown}
 h - a +3 ring of evasion (left hand)
 i - an uncursed ring of poison resistance
 j - an amulet of clarity (around neck)
 r - an uncursed ring of fire
 s - an uncursed ring of positive energy
 t - an uncursed amulet of the gourmand
 R - the ring of the Albatross (right hand) {SInv Stlth+}
   (You found it in an ice cave)

   [ring of stealth]

   It lets you see invisible.
   It makes you more stealthy.
Wands
 f - a wand of disintegration (6)
 S - a wand of polymorph (7)
 T - a wand of cold (5)
 Z - a wand of digging (17)
Scrolls
 w - 6 scrolls of fear
 x - 3 scrolls of fog
 y - 4 scrolls of blinking
 A - 5 scrolls of immolation
 B - 15 scrolls of remove curse
 C - a scroll of vulnerability
 L - 6 scrolls of teleportation
 O - 3 scrolls of magic mapping
 W - a scroll of identify
Potions
 l - 3 potions of resistance
 m - a potion of cure mutation
 E - 2 potions of cancellation
 F - 3 potions of berserk rage
 G - 2 potions of flight
 H - 19 potions of curing
 I - 4 potions of agility
 J - a potion of haste
 K - 6 potions of heal wounds
 P - 4 potions of might
 Q - a potion of beneficial mutation
Miscellaneous
 z - a phial of floods
Comestibles
 o - a bread ration
 u - a meat ration
 v - 24 fruits
 U - a slice of pizza


   Skills:
 + Level 16.1 Fighting
 - Level 20.0 Long Blades
 - Level 2.0 Throwing
 * Level 14.7 Armour
 - Level 13.1 Dodging
 + Level 13.5 Invocations


You had 16 spell levels left.
You didn't know any spells.

Dungeon Overview and Level Annotations

Branches:
Dungeon (15/15)            Temple (1/1) D:7            Lair (8/8) D:10
 Shoals (0/4) Lair:3       Spider (4/4) Lair:4        Slime (0/6) Lair:7
    Orc (4/4) D:9             Elf (0/3) Orc:3        Vaults (0/5) D:13
 Depths (0/5) D:15

Altars:
Ashenzari
Cheibriados
Dithmenos
Elyvilon
Fedhas
Gozag
Kikubaaqudgha
Makhleb
Nemelex Xobeh
Okawaru
Qazlal
Ru
Sif Muna
Trog
Vehumet
Xom
Yredelemnul
Zin
The Shining One
Beogh

Shops:
D:4 [(!?   D:6 :   D:8 ?   D:10 :   D:12 [![   Orc:2 %   Orc:4 **:![

Portals:
Pandemonium: Orc:4


Innate Abilities, Weirdness & Mutations

You reflexively headbutt those who attack you in melee.
You have a pair of horns on your head.


Message History

The emperor scorpion claws you.
* * * LOW HITPOINT WARNING * * *
The emperor scorpion claws you!
* * * LOW HITPOINT WARNING * * *
Evoke which item? (* to show all) (? for menu, Esc to quit)
Zapping:
S - a wand of polymorph (will waste charges)
Press: ? - help, Shift-Dir - straight line, f - emperor scorpion
Aim: an emperor scorpion (almost dead, chance to defeat MR: 15%)
Okay, then.
Unknown command.
Unknown command.
Unknown command.
Unknown command.
You slash the emperor scorpion!
Your headbutt misses the emperor scorpion.
The emperor scorpion is almost dead.
You hit the emperor scorpion but do no damage.
The emperor scorpion is almost dead.
The emperor scorpion stings you.
You die...

....#..#......#>....####≈≈##
..........#..........# ###
..#...........#.....≈#
..#....#.^#......#.≈≈#
..#.....#.^..^....#≈##
........##.........##
.##^#......#......##
.........##.....s..#
....#......##....@##
.....<...........##
#...#.†.....#..###
#.......#...≈≈##
.....#..#≈≈≈≈##
.........≈#≈## .....^#..≈≈##
.#.....#.≈## ........≈≈≈#


You could see an emperor scorpion.

Vanquished Creatures
  Agnes (Spider:4)
  Roxanne (D:15)
  5 emperor scorpions (Spider:4)
  2 ghost moths (Spider:4)
  Azrael (D:15)
  A dire elephant (D:15)
  4 vault guards (D:13)
  3 fire dragons
  4 entropy weavers
  Harold (Lair:4)
  4 hydras
  Erolcha (D:7)
  5 tengu warriors
  A catoblepas (D:14)
  An ogre mage (D:15)
  3 centaur warriors
  5 orc high priests (Orc:4)
  9 death yaks
  A soul eater (Orc:4)
  A gelid demonspawn (Orc:4)
  6 unseen horrors
  Pikel (D:8)
  4 orc sorcerers
  A torturous demonspawn (Orc:4)
  4 orc knights
  2 ugly things
  4 oklob plants (Lair:1)
  7 orb spiders
  A wolf spider zombie (D:15)
  A hill giant (D:14)
  22 wolf spiders
  2 hornets
  5 manticores
  2 moths of wrath
  3 griffons
  A salamander (D:15)
  14 elephants
  A rust devil (Orc:4)
  8 black mambas
  A gargoyle (D:12)
  An orange demon (Orc:4)
  A smoke demon (Orc:4)
  11 spiny frogs
  2 ice statues (IceCv)
  A torpor snail (Spider:3)
  A siren (Lair:3)
  5 demonic crawlers
  A tengu conjurer (D:14)
  3 fire drakes (Lair:8)
  8 komodo dragons
  8 trolls
  30 blink frogs
  A merfolk (D:15)
  3 two-headed ogres
  A slime creature (D:13)
  2 boulder beetles
  16 jumping spiders
  A trapdoor spider zombie (D:14)
  61 redbacks
  44 yaks
  22 tarantellas
  21 trapdoor spiders
  2 deep elf magi
  A shadow (D:13)
  5 wraiths
  4 wyverns
  A fire elemental (D:15)
  A hungry ghost (D:13)
  3 wargs
  7 hippogriffs
  3 steam dragons
  3 basilisks
  14 water moccasins
  3 hell hounds (D:15)
  19 wolves
  3 mottled dragons
  A soldier ant (D:11)
  29 orc warriors
  11 porcupines
  2 swamp drakes (Lair:8)
  A hornet simulacrum (D:15)
  5 sky beasts
  3 slaves
  27 spiders
  19 ice beasts
  9 ogres
  3 phantoms
  A black bear (D:9)
  18 centaurs
  An eye of draining (D:12)
  20 big kobolds
  A necrophage (D:9)
  Blork the orc (D:6)
  23 crocodiles
  2 gnoll sergeants
  25 giant frogs
  6 scorpions
  A wyvern skeleton (D:11)
  17 killer bees
  2 electric eels
  17 wights
  7 crimson imps
  3 centaur zombies
  A giant frog zombie (D:5)
  34 orc wizards
  49 orc priests
  Crazy Yiuf (D:4)
  14 iguanas
  4 centaur skeletons
  5 jellies
  6 worker ants
  Terence (D:2)
  A gnoll shaman (D:10)
  9 hounds
  A quasit (D:9)
  17 sheep
  A hound zombie (D:11)
  A hound skeleton (D:11)
  A worker ant zombie (D:7)
  16 gnolls
  8 adders
  57 river rats
  8 shadow imps
  8 oozes
  2 worms
  An adder skeleton (D:5)
  10 giant geckos
  228 orcs
  2 ball pythons
  4 giant cockroaches
  3 hobgoblins (D:1)
  9 jackals
  27 kobolds
  6 quokkas
  5 bats
  9 giant newts
  6 goblins
  A jackal skeleton (D:3)
  2 quokka skeletons
  8 rats
  A plant (Lair:8)
1279 creatures vanquished.

Vanquished Creatures (collateral kills)
  Arachne (Spider:3)
  A ghost moth (Spider:3)
  2 ice dragons (IceCv)
  An orc high priest (Orc:4)
  A wolf spider (Spider:3)
  3 orc sorcerers (Orc:4)
  An orc knight (Orc:4)
  2 trapdoor spiders (Spider:3)
  A neqoxec (Orc:4)
  2 orc warriors (Orc:4)
  2 orc wizards
  2 orc priests (Orc:4)
  2 orcs
21 creatures vanquished.

Vanquished Creatures (others)
  Josephine (Lair:7)
  10 fungi
  4 plants
15 creatures vanquished.

Grand Total: 1315 creatures vanquished

Notes
Turn   | Place    | Note
--------------------------------------------------------------
     0 | D:1      | abixa the Minotaur Gladiator began the quest for the Orb.
     0 | D:1      | Reached XP level 1. HP: 18/18 MP: 0/0
    33 | D:1      | Reached skill level 4 in Long Blades
    49 | D:1      | Reached XP level 2. HP: 23/25 MP: 1/1
   265 | D:1      | Reached skill level 5 in Long Blades
   315 | D:1      | Reached XP level 3. HP: 30/30 MP: 2/2
   783 | D:2      | Found a faded altar to an unknown god.
   965 | D:2      | Noticed Terence
   980 | D:2      | Killed Terence
   980 | D:2      | Reached skill level 1 in Armour
   980 | D:2      | Reached XP level 4. HP: 29/37 MP: 3/3
  1961 | D:3      | Found a burning altar of Makhleb.
  1961 | D:3      | Found a blossoming altar of Fedhas.
  1999 | D:3      | Became a worshipper of Makhleb the Destroyer
  2061 | D:4      | Noticed an ogre
  2069 | D:4      | Killed an ogre
  2069 | D:4      | Reached skill level 6 in Long Blades
  2069 | D:4      | Reached XP level 5. HP: 5/42 MP: 4/4
  2327 | D:4      | Found Wikunog's Antique Weapon Shop.
  2445 | D:4      | Found Tanafrecu's Antique Armour Shoppe.
  2446 | D:4      | Noticed a phantom
  2468 | D:4      | Killed a phantom
  2468 | D:4      | Reached XP level 6. HP: 50/52 MP: 5/5
  2471 | D:4      | Bought a glowing cloak for 99 gold pieces
  2864 | D:4      | Reached skill level 7 in Long Blades
  2953 | D:4      | Found Huegikan's Magic Scroll Emporium.
  2958 | D:4      | Bought a scroll of remove curse for 36 gold pieces
  3100 | D:4      | Found Xomilet's Distillery.
  3165 | D:4      | Noticed Crazy Yiuf
  3180 | D:4      | Killed Crazy Yiuf
  3319 | D:5      | Entered Level 5 of the Dungeon
  3334 | D:5      | Reached * piety under Makhleb
  3355 | D:5      | Reached XP level 7. HP: 57/60 MP: 6/6
  3511 | D:5      | Reached skill level 5 in Fighting
  3511 | D:5      | Reached skill level 5 in Armour
  3754 | D:4      | Reached skill level 8 in Long Blades
  3990 | D:5      | Reached ** piety under Makhleb
  3990 | D:5      | Reached XP level 8. HP: 62/70 MP: 7/7
  4265 | D:6      | Found Iqukie's Book Emporium.
  4366 | D:6      | Noticed Blork the orc
  4375 | D:6      | Killed Blork the orc
  4375 | D:6      | Reached skill level 9 in Long Blades
  4996 | D:4      | Bought a scroll of immolation for 42 gold pieces
  4996 | D:4      | Bought a scroll of fog for 24 gold pieces
  4996 | D:4      | Bought a scroll of identify for 24 gold pieces
  5166 | D:7      | Found a staircase to the Ecumenical Temple.
  5188 | Temple   | Entered the Ecumenical Temple
  5332 | D:7      | Reached XP level 9. HP: 79/79 MP: 8/8
  5344 | D:7      | Reached *** piety under Makhleb
  5392 | D:7      | Reached skill level 5 in Dodging
  5651 | D:7      | Reached skill level 10 in Long Blades
  5664 | D:7      | Found a basalt altar of Yredelemnul.
  5666 | D:7      | Found a snail-covered altar of Cheibriados.
  5700 | D:7      | Found a radiant altar of Vehumet.
  5897 | D:8      | Noticed Erolcha
  6009 | D:7      | Killed Erolcha
  6352 | D:8      | Noticed Pikel
  6353 | D:8      | Got an ichor-stained leather armour
  6424 | D:8      | Killed Pikel
  6424 | D:8      | Reached skill level 11 in Long Blades
  6440 | D:7      | Identified the +2 leather armour of the Realm of Zot {Str+5 Dex+3} (You found it on level 8 of the Dungeon)
  6557 | D:7      | Reached XP level 10. HP: 85/91 MP: 9/9
  6618 | D:8      | Reached **** piety under Makhleb
  6727 | D:8      | Found Neulie's Magic Scroll Shoppe.
  7174 | D:9      | Found a stormy altar of Qazlal.
  7187 | D:9      | Found a roughly hewn altar of Beogh.
  7187 | D:9      | Found a staircase to the Orcish Mines.
  7303 | D:9      | Reached ***** piety under Makhleb
  7318 | D:9      | Reached skill level 10 in Fighting
  7333 | D:9      | Reached skill level 12 in Long Blades
  8255 | D:9      | You fall through a shaft for 3 floors!
  8291 | D:11     | Noticed a fire dragon
  8324 | D:10     | Entered Level 10 of the Dungeon
  8417 | D:10     | Reached XP level 11. HP: 101/101 MP: 10/10
  8448 | D:10     | Reached ****** piety under Makhleb
  8572 | D:10     | Found a staircase to the Lair.
  9222 | D:10     | Found Fejit's Book Shoppe.
  9560 | D:11     | Got a wavering platinum ring
  9567 | D:11     | Identified the ring "Dumiguczust" {rPois Int+2} (You found it on level 11 of the Dungeon)
  9657 | Lair:1   | Entered Level 1 of the Lair of Beasts
  9842 | D:10     | Reached skill level 10 in Dodging
 10754 | Lair:2   | Reached skill level 13 in Fighting
 11123 | Lair:2   | Noticed a six-headed hydra
 11307 | Orc:1    | Entered Level 1 of the Orcish Mines
 11441 | Orc:1    | Reached XP level 12. HP: 108/115 MP: 11/11
 11907 | Orc:3    | Found a roughly hewn altar of Beogh.
 12106 | Orc:3    | Found a staircase to the Elven Halls.
 12778 | Orc:2    | Paralysed by an orc sorcerer for 6 turns
 12785 | Orc:2    | Reached skill level 1 in Invocations
 12908 | Orc:2    | Found Jacan's Food Shop.
 13437 | Orc:4    | Entered Level 4 of the Orcish Mines
 13511 | Orc:4    | Found a frozen archway.
 13538 | IceCv    | Entered an ice cave
 13843 | IceCv    | Reached skill level 5 in Invocations
 14023 | IceCv    | Noticed an ice dragon
 14222 | IceCv    | Killed an ice dragon
 14235 | IceCv    | Noticed an ice dragon
 14244 | IceCv    | Killed an ice dragon
 14500 | IceCv    | Got a transparent platinum ring
 14587 | Orc:4    | Identified the ring of the Albatross {SInv Stlth+} (You found it in an ice cave)
 15177 | Orc:4    | Found Wodd's Assorted Antiques.
 15511 | Orc:4    | Found Jyiros's General Store.
 15515 | Orc:4    | Found Gouqesho's Distillery.
 15663 | Orc:4    | Bought a potion of agility for 48 gold pieces
 15663 | Orc:4    | Bought a potion of flight for 36 gold pieces
 15663 | Orc:4    | Bought a potion of poison for 12 gold pieces
 16645 | Orc:4    | Reached skill level 10 in Invocations
 16701 | Orc:4    | Paralysed by an orc sorcerer for 3 turns
 16714 | Orc:4    | Reached XP level 13. HP: 122/122 MP: 19/19
 17520 | Orc:4    | Found Efecag's Book Emporium.
 17520 | Orc:4    | Found Zicroup's Antique Armour Shoppe.
 17523 | Orc:4    | Found a one-way gate leading to the halls of Pandemonium.
 18069 | Lair:2   | Killed a six-headed hydra
 18298 | Lair:2   | Reached skill level 10 in Armour
 18929 | Lair:3   | Reached skill level 14 in Fighting
 18962 | Lair:3   | Found a staircase to the Shoals.
 19409 | Lair:4   | Found a hole to the Spider Nest.
 19607 | Lair:4   | Noticed Sonja
 19637 | Lair:4   | Noticed Sonja
 19637 | Lair:4   | Sonja changed into Sonja the spider
 19644 | Lair:4   | Killed Sonja the spider
 19686 | Lair:4   | Noticed Harold
 19695 | Lair:4   | Killed Harold
 19833 | Lair:4   | Reached XP level 14. HP: 130/133 MP: 21/21
 21420 | Lair:6   | Identified a scroll of acquirement
 22224 | Lair:7   | Found a staircase to the Slime Pits.
 22384 | Lair:7   | Noticed Josephine
 22486 | Lair:7   | Killed Josephine
 22826 | Lair:7   | You fall through a shaft!
 22826 | Lair:8   | Entered Level 8 of the Lair of Beasts
 22954 | Lair:8   | Found a shattered altar of Ashenzari.
 23237 | Lair:8   | Reached skill level 15 in Fighting
 23754 | Lair:8   | Got an ancient hand crossbow
 23769 | Lair:8   | Reached XP level 15. HP: 131/141 MP: 23/23
 24244 | D:11     | Killed a fire dragon
 24288 | D:11     | Noticed an unseen horror
 24296 | D:11     | Killed an unseen horror
 24366 | D:11     | Noticed an unseen horror
 24374 | D:11     | Killed an unseen horror
 24472 | D:11     | Found an ancient bone altar of Kikubaaqudgha.
 24489 | D:11     | Noticed an unseen horror
 24496 | D:11     | Killed an unseen horror
 24800 | D:12     | Noticed a red ugly thing
 24801 | D:12     | Noticed an unseen horror
 24811 | D:11     | Killed a red ugly thing
 24831 | D:12     | Killed an unseen horror
 25055 | D:12     | Found a portal to a secret trove of treasure.
 25101 | Trove    | Entered a treasure trove
 25114 | Trove    | Got a smoking triple sword
 25122 | Trove    | Got a pair of bloodstained boots
 25155 | D:12     | Identified the +10 triple sword of the Realm of Zot {slice, Stlth+} (You found it in a treasure trove)
 25167 | D:12     | Identified the +1 pair of boots "Japiwy" {rElec rCorr Dex-3 Stlth+} (You found it in a treasure trove)
 25269 | D:12     | Found Heneijio's Armour Boutique.
 25274 | D:12     | Noticed an unseen horror
 25275 | D:12     | Killed an unseen horror
 25287 | D:12     | Noticed a tengu warrior
 25288 | D:12     | Noticed a tengu warrior
 25297 | D:12     | Killed a tengu warrior
 25305 | D:12     | Killed a tengu warrior
 25310 | D:12     | Found Fydelir's Distillery.
 25315 | D:12     | Bought a potion of resistance for 110 gold pieces
 25315 | D:12     | Bought a potion of beneficial mutation for 385 gold pieces
 25321 | D:12     | Found Ytelem's Antique Armour Boutique.
 25334 | D:12     | Bought a dazzling ring mail for 225 gold pieces
 25344 | D:12     | Identified the +1 ring mail of the Morning Star {rPois Str+2 Int+4 Slay+3} (You bought it in a shop on level 12 of the Dungeon)
 25949 | D:13     | Reached skill level 15 in Long Blades
 25995 | D:13     | Found a gate to the Vaults.
 27004 | D:14     | Reached skill level 16 in Long Blades
 27470 | D:15     | Entered Level 15 of the Dungeon
 27771 | D:15     | Reached skill level 17 in Long Blades
 27952 | D:15     | Noticed Roxanne
 28270 | D:15     | Noticed Azrael
 28288 | D:15     | Killed Azrael
 28422 | D:15     | Found a staircase to the Depths.
 28499 | D:15     | Killed Roxanne
 28718 | Spider:1 | Entered Level 1 of the Spider Nest
 28938 | Spider:1 | Reached XP level 16. HP: 144/149 MP: 24/24
 29698 | Spider:2 | Reached skill level 18 in Long Blades
 30644 | Spider:3 | Noticed Arachne
 30708 | Spider:3 | Reached skill level 19 in Long Blades
 30728 | Spider:3 | Killed Arachne
 31602 | Spider:4 | Entered Level 4 of the Spider Nest
 31605 | Spider:4 | Noticed Agnes
 31735 | Spider:4 | Killed Agnes
 31859 | Spider:4 | Reached skill level 20 in Long Blades
 33288 | Spider:3 | Reached XP level 17. HP: 117/158 MP: 26/26
 33846 | Spider:3 | HP: 4/158 [emperor scorpion (8)]
 33848 | Spider:3 | Slain by an emperor scorpion

Action                   |  1- 3 |  4- 6 |  7- 9 | 10-12 | 13-15 | 16-18 || total
-------------------------+-------+-------+-------+-------+-------+-------++-------
Melee: Long sword        |    71 |    39 |       |       |       |       ||   110
       Scimitar          |       |    62 |   272 |  1068 |   481 |       ||  1883
       Demon blade       |       |       |       |       |   539 |       ||   539
       Falchion          |       |       |       |       |    43 |       ||    43
       Triple sword      |       |       |       |       |   349 |   542 ||   891
 Fire: Blowgun           |       |       |     6 |       |     3 |       ||     9
Throw: Tomahawk          |       |     8 |     5 |       |       |       ||    13
       Stone             |       |     1 |       |       |       |       ||     1
       Throwing net      |       |       |       |     1 |     3 |       ||     4
Invok: Lesser Servant of |       |       |       |    11 |     2 |       ||    13
       Major Destruction |       |       |       |       |    27 |       ||    27
       Minor Destruction |       |       |       |       |    11 |       ||    11
       Greater Servant o |       |       |       |       |     1 |     2 ||     3
Evoke: Wand              |       |       |       |       |     3 |     1 ||     4
       Phial of floods   |       |       |       |       |       |     1 ||     1
  Use: Scroll            |       |       |     9 |     6 |    15 |     3 ||    33
       Potion            |       |       |       |       |     1 |       ||     1
 Stab: Sleeping          |     1 |       |       |     2 |     5 |       ||     8
       Distracted        |       |       |       |     2 |     2 |       ||     4
       Held in net/web   |       |       |       |       |     2 |       ||     2
  Eat: Chunk             |       |     7 |    11 |    33 |    56 |    13 ||   120
       Fruit             |       |       |       |       |     2 |     4 ||     6
